 Dungeon Crawl Stone Soup version 0.21-a0-185-g3a6ed1e (webtiles) character file.

11118 Gaball the Spear-Bearer (level 12, -3/94 HPs)
             Began as a Formicid Abyssal Knight on Aug 12, 2017.
             Was a High Priest of Lugonu.
             Slain by a swamp worm (19 damage)
             ... on level 1 of the Lair of Beasts on Aug 13, 2017.
             The game lasted 00:33:36 (13177 turns).

Gaball the Spear-Bearer (Formicid Abyssal Knight)  Turns: 13177, Time: 00:33:38

Health: -3/94      AC: 11    Str: 25    XL:     12   Next: 3%
Magic:  18/18      EV:  9    Int: 12    God:    Lugonu [*****.]
Gold:   619        SH:  3    Dex: 10    Spells: 11/11 levels left

rFire    + + .     SeeInvis +   z - +5 trident (curse)
rCold    x . .     Gourm    .   B - +0 buckler
rNeg     . . .     Faith    .   j - +0 fire dragon scales
rPois    .         Spirit   .   (helmet unavailable)
rElec    .         Reflect  .   (no cloak)
rCorr    .         Harm     .   (no gloves)
MR       +....                  A - +0 pair of boots
Stlth    ..........             D - amulet of regeneration
HPRegen  0.65/turn              M - +3 ring of strength (curse)
MPRegen  0.16/turn              (no ring)

@: very slow
A: permanent stasis, dig shafts and tunnels, four strong arms, antennae 3
a: Dig, Shaft Self, Depart the Abyss, Bend Space, Banish, Corrupt, Enter the
Abyss, Renounce Religion


You were on level 1 of the Lair of Beasts.
You worshipped Lugonu.
Lugonu was extremely pleased with you.
You were hungry.

You visited 2 branches of the dungeon, and saw 12 of its levels.
You visited the Abyss 1 time.

You collected 664 gold pieces.
You spent 45 gold pieces at shops.

Inventory:

Hand Weapons
 a - a +1 spear
 z - a cursed +5 trident (weapon)
Missiles
 g - 7 tomahawks of dispersal (quivered)
Armour
 b - a +0 leather armour
 j - +0 fire dragon scales (worn)
 p - a +2 scale mail of fire resistance
 q - a +0 shield
 A - a +0 pair of boots (worn)
 B - a +0 buckler (worn)
Jewellery
 h - a cursed ring of teleportation {unknown}
 D - an amulet of regeneration (around neck)
 H - a cursed amulet of inaccuracy {unknown}
 L - a cursed ring of loudness {unknown}
 M - a cursed +3 ring of strength (left hand)
Wands
 E - a wand of flame (3/48)
 G - a wand of random effects (33/48)
 N - a wand of disintegration (17/24)
 O - a wand of flame (15/48)
Scrolls
 d - 2 scrolls of fog
 e - 4 scrolls of remove curse
 f - 2 scrolls of magic mapping {unknown}
 i - 2 scrolls of enchant armour
 k - a scroll of noise {unknown}
 m - 4 scrolls of recharging
 r - 2 scrolls of random uselessness {unknown}
 s - 3 scrolls of enchant weapon {unknown}
 v - 2 scrolls of amnesia {unknown}
 C - a scroll of fear {unknown}
 F - a scroll of vulnerability {unknown}
 P - a scroll of identify
Potions
 n - 2 potions of resistance {unknown}
 o - a potion of magic {unknown}
 t - 3 potions of agility {unknown}
 x - 2 potions of brilliance
 I - a potion of curing
 J - a potion of mutation {unknown}
 K - a potion of might {unknown}
Books
 y - a book of Cantrips

   Spells                             Type                      Level
   a - Confusing Touch                Hexes                        1
   b - Animate Skeleton               Necromancy                   1
   c - Summon Small Mammal            Summoning                    1
   d - Apportation                    Translocation                1
Comestibles
 c - 7 bread rations
 l - 13 royal jellies
 u - 2 fruits
 w - 7 meat rations


   Skills:
 + Level 8.4 Fighting
 + Level 14.0 Polearms
 + Level 6.1 Armour
 - Level 0.8 Dodging
 + Level 8.8 Invocations


You had 11 spell levels left.
You didn't know any spells.

Dungeon Overview and Level Annotations

Branches:
Dungeon (11/15)            Temple (0/1) D:7            Lair (1/6) D:8
    Orc (0/2) D:10

Altars:
Ashenzari
Dithmenos
Kikubaaqudgha
Qazlal
Ru
Wu Jian
Xom

Shops:
D:4 [   D:7 }   D:10 [   D:11 :

Annotations:
D:6 zkyp's ghost, novice DrWn


Innate Abilities, Weirdness & Mutations

You cannot be hasted, slowed, berserked, paralysed or teleported.
You can dig through walls and to a lower floor.
Your four strong arms can wield two-handed weapons with a shield.
You have a pair of large antennae on your head. (SInv)


Message History

The swamp worm bites you but does no damage. x3
You closely miss the swamp worm. The swamp worm bites you.
The swamp worm bites you!
Your unstable footing causes you to fumble your attack.
The swamp worm closely misses you. The swamp worm bites you.
Your unstable footing causes you to fumble your attack.
The swamp worm barely misses you. The swamp worm bites you!
The swamp worm bites you!!
You are too injured to fight recklessly!
The swamp worm barely misses you.
The swamp worm bites you but does no damage.
The swamp worm bites you!
* * * LOW HITPOINT WARNING * * *
You block the swamp worm's attack.
The swamp worm bites you but does no damage. x2
The swamp worm bites you!
* * * LOW HITPOINT WARNING * * *
The swamp worm closely misses you. You block the swamp worm's attack.
The swamp worm bites you!!
You die...

#...#.## ##.##..## ###
#.###..#####.#### #.#
#.##≈##.....### ### ## #.#
#.##≈≈≈≈≈≈≈...####.#####P##
#.###.≈≈†≈≈≈≈≈≈≈≈..............
#..##≈≈≈#######≈≈≈..#.#####.#..
#.###≈≈##≈≈≈≈≈#P≈≈..### #...
#.###≈≈#$≈≈≈ww@≈††..# #..
#..##≈≈##≈≈≈≈w#≈≈††.# #..
#.###≈≈≈#######≈≈≈..# ##.. #.#
##≈†≈≈≈≈≈≈≈≈≈...# #P..
#.###≈≈.≈≈≈{≈≈≈.....# ##..
#...................##### #..
##.####..............##P#####..
### #........................
#.........#######.#......


You could see 3 swamp worms.

Vanquished Creatures
  2 two-headed ogres
  A death yak (D:8)
  Nergalle (D:11)
  A black mamba (Lair:1)
  2 trolls
  3 hippogriffs
  A yak (D:8)
  3 hungry ghosts
  3 water moccasins
  A porcupine (Lair:1)
  3 black bears
  2 ice beasts (D:7)
  5 orc warriors
  4 phantoms
  4 ogres
  2 necrophages
  8 centaurs
  3 crocodiles
  2 big kobolds
  6 bullfrogs
  A gnoll sergeant (D:5)
  3 scorpions
  16 killer bees
  12 wights
  A vampire bat (Lair:1)
  2 howler monkeys
  2 crimson imps
  A bullfrog zombie (D:11)
  10 hounds
  4 jellies
  A centaur skeleton (D:8)
  2 centaur zombies
  7 orc wizards
  4 orc priests
  A bullfrog skeleton (D:10)
  6 worker ants
  A killer bee zombie (D:7)
  A hound skeleton (D:5)
  3 gnolls (D:5)
  2 howler monkey skeletons (D:8)
  5 adders
  A river rat (D:4)
  A shadow imp (D:7)
  7 oozes
  2 adder skeletons
  An adder zombie (D:8)
  17 worms
  8 leopard geckos
  45 orcs
  3 ball pythons (D:4)
  13 bats
  4 giant cockroaches
  4 goblins
  10 hobgoblins
  16 jackals
  A quokka (D:2)
  5 frilled lizards
  17 kobolds
  A leopard gecko skeleton (D:5)
  2 leopard gecko zombies
  A quokka skeleton (D:6)
  7 rats
308 creatures vanquished.

Vanquished Creatures (others)
  3 plants (Lair:1)
  2 starspawn tentacles (Abyss:1)
  4 toadstools (D:1)
9 creatures vanquished.

Grand Total: 317 creatures vanquished

Notes
Turn   | Place    | Note
-------+----------+-------------------------------------------
     0 | Abyss:1  | Gaball the Formicid Abyssal Knight began the quest for the Orb.
     0 | Abyss:1  | Reached XP level 1. HP: 18/18 MP: 2/2
   133 | Abyss:1  | Noticed a tentacled starspawn
   151 | Abyss:1  | Noticed a small abomination
   154 | D:1      | Escaped the Abyss
   215 | D:1      | Found a shattered altar of Ashenzari.
   240 | D:1      | Reached * piety under Lugonu
   240 | D:1      | Reached XP level 2. HP: 20/24 MP: 3/3
   352 | D:1      | Reached XP level 3. HP: 13/30 MP: 5/5
   936 | D:2      | Noticed an air elemental
   937 | D:2      | Found a stormy altar of Qazlal.
   938 | D:2      | Noticed a water elemental
   938 | D:2      | Noticed a fire elemental
   938 | D:2      | Noticed an earth elemental
  1211 | D:2      | Reached ** piety under Lugonu
  1211 | D:2      | Reached XP level 4. HP: 27/37 MP: 6/6
  1498 | D:2      | Reached skill level 3 in Polearms
  1976 | D:3      | Reached XP level 5. HP: 42/42 MP: 7/7
  2361 | D:3      | Reached skill level 4 in Polearms
  2587 | D:3      | Reached *** piety under Lugonu
  2639 | D:4      | Reached skill level 5 in Polearms
  2639 | D:4      | Reached XP level 6. HP: 28/48 MP: 8/8
  2888 | D:4      | Reached skill level 6 in Polearms
  3477 | D:4      | Found Owozyn's Armour Shop.
  3484 | D:4      | Bought a +0 buckler for 45 gold pieces
  3568 | D:4      | Reached XP level 7. HP: 22/54 MP: 9/9
  3826 | D:5      | Entered Level 5 of the Dungeon
  4305 | D:5      | Reached skill level 7 in Polearms
  4951 | D:5      | Reached skill level 8 in Polearms
  4951 | D:5      | Reached XP level 8. HP: 49/59 MP: 10/10
  5410 | D:6      | Reached skill level 9 in Polearms
  5448 | D:6      | Noticed zkyp's ghost (novice DrWn)
  6282 | D:6      | Reached **** piety under Lugonu
  6282 | D:6      | Reached skill level 10 in Polearms
  6425 | D:7      | Reached XP level 9. HP: 55/64 MP: 11/11
  6427 | D:7      | Found a staircase to the Ecumenical Temple.
  6681 | D:7      | Found Qokady's Gadget Shoppe.
  6758 | D:7      | Reached skill level 11 in Polearms
  7127 | D:7      | HP: 3/65 [killer bee (3)]
  7128 | D:6      | HP: 1/65 [poisoned by a killer bee]
  7467 | D:7      | Reached skill level 12 in Polearms
  7675 | D:7      | Reached XP level 10. HP: 71/71 MP: 12/12
  7741 | D:8      | Found a staircase to the Lair.
  7742 | D:8      | Noticed a death yak
  7852 | D:8      | Noticed a death yak
  8223 | D:8      | Reached skill level 5 in Fighting
  8257 | D:8      | Noticed a two-headed ogre
  8330 | D:8      | HP: 3/74 [two-headed ogre/giant club (20)]
  8333 | D:8      | Killed a two-headed ogre
  8333 | D:8      | Reached ***** piety under Lugonu
  8333 | D:8      | Reached skill level 5 in Invocations
  8565 | D:8      | Reached skill level 13 in Polearms
  8641 | D:8      | Found a shadowy altar of Dithmenos.
  8772 | D:8      | Found an ancient bone altar of Kikubaaqudgha.
  8783 | D:8      | Found a sacrificial altar of Ru.
  8783 | D:8      | Found an ornate altar of the Wu Jian Council.
  8930 | D:8      | Noticed a death yak
  8945 | D:8      | Killed a death yak
  9447 | D:9      | Reached XP level 11. HP: 72/83 MP: 15/15
 10077 | D:10     | Entered Level 10 of the Dungeon
 10430 | D:10     | Noticed a two-headed ogre
 10651 | D:10     | Found a staircase to the Orcish Mines.
 11058 | D:10     | Killed a two-headed ogre
 11058 | D:10     | Reached skill level 5 in Armour
 11087 | D:10     | Found Yxeemm's Armour Shoppe.
 11396 | D:11     | Noticed a death knight
 11551 | D:11     | Found Vierr's Book Shoppe.
 11724 | D:11     | Noticed Nergalle
 12028 | D:11     | Killed Nergalle
 12147 | D:11     | Found a shimmering altar of Xom.
 12152 | D:11     | Noticed a red ugly thing
 12304 | Lair:1   | Entered Level 1 of the Lair of Beasts
 12622 | Lair:1   | Reached XP level 12. HP: 46/94 MP: 18/18
 12777 | Lair:1   | Reached skill level 14 in Polearms
 13177 | Lair:1   | Slain by a swamp worm

Vault maps used:
D:1:      ldierk_walled_garden_2, evilmike_ruin_ashenzari
D:2:      minivault_23, nicolae_qazlal_style_of_elements
D:3:      kennysheep_nondescript
D:4:      portal_sewer_entry_e, serial_shops, nicolae_shop_crystal
D:5:      first_bread, grunt_tough_drop
D:6:      minmay_unpleasant_kobolds
D:7:      minmay_temple_entry_glass, serial_shops, nicolae_shop_window_shopping
D:8:      nicolae_dithmenos_the_darkroom, gammafunk_temple_overflow_claw,
          dpeg_lair_monsters
D:9:      hangedman_little_slice_of_home
D:10:     orc_david_3, serial_shops, nicolae_shop_stone,
          minmay_misc_feat_four_crosses
D:11:     serial_shops, nicolae_shop_behind_doors, hangedman_decor_riveting,
          xom_teletrap_fun, uniq_nergalle
Lair:1:   roderic_batcave, worms_lemuel
Abyss:1:  evilmike_abyss_exit_mutagenic

Skill      XL: |  1  2  3  4  5  6  7  8  9 10 11 12 |
---------------+-------------------------------------+-----
Invocations    | 3 6 8 |  8.8
Fighting       | 4 6 8 |  8.4
Polearms       | 3 5 6 8 10 12 13 14 | 14.0
Armour         | 3 6 |  6.1
Dodging        | |  0.8

Action                   |  1- 3 |  4- 6 |  7- 9 | 10-12 || total
-------------------------+-------+-------+-------+-------++-------
Melee: Spear             |   147 |   273 |   599 |       ||  1019
       Trident           |       |       |    57 |   670 ||   727
Invok: Depart the Abyss  |     1 |       |       |       ||     1
       Banish            |       |       |       |     3 ||     3
Evoke: Wand              |       |       |       |     6 ||     6
  Use: Potion            |       |       |     5 |       ||     5
       Scroll            |       |       |    10 |     4 ||    14
 Stab: Distracted        |       |     1 |       |       ||     1
  Eat: Chunk             |       |     9 |    16 |    14 ||    39
       Bread ration      |       |       |     1 |     1 ||     2
Armor: Leather armour    |    38 |     4 |       |       ||    42
       Fire dragon scale |       |   107 |   175 |   166 ||   448
Dodge: Dodged            |    89 |   124 |   154 |   181 ||   548
Block: Buckler           |       |     3 |    47 |    50 ||   100
